 Dungeon Crawl Stone Soup version 0.29.1-15-g9cfb28693d (webtiles) character file.

Game seed: 4135063882743256699

732 booth the Grave Robber (level 7, 0/46 HPs)
             Began as a Demonspawn Necromancer on Mar 5, 2023.
             Was a Follower of Ashenzari.
             Slain by a ball python (2 damage)
             ... in a sewer on Mar 6, 2023.
             The game lasted 00:41:40 (4925 turns).

booth the Grave Robber (Demonspawn Necromancer)     Turns: 4925, Time: 00:41:40

Health: 0/46       AC:  4    Str: 15    XL:     7   Next: 45%
Magic:  13/13      EV: 10    Int: 24    God:    Ashenzari [*.....]
Gold:   180        SH:  0    Dex: 13    Spells: 3/14 levels left

rFire   . . .      SeeInvis .   c - +2 short sword of the Chained Oracle {drain, Elem, Cun} (curse)
rCold   . . .      Faith    .   (no shield)
rNeg    . . .      Spirit   .   a - +1 robe
rPois   .          Reflect  .   (helmet restricted)
rElec   .          Harm     .   (no cloak)
rCorr   .          Rampage  .   (no gloves)
Will    .....                   (no boots)
Stlth   +++.......              (no amulet)
HPRegen 0.15/turn               r - +6 ring of strength
MPRegen 0.13/turn               v - ring of the Lashed Sage {Int+6, Comp, Melee} (curse)

@: about to teleport, animating dead (expiring), constricted
A: antennae 2, powered by pain 1, sharp scales 1
a: Renounce Religion, Shatter the Chains


You were in a sewer.
You worshipped Ashenzari.
Ashenzari was aware of your devotion.
You visited 1 branch of the dungeon, and saw 5 of its levels.
You also visited: Sewer.

You collected 255 gold pieces.
You spent 75 gold pieces at shops.

Inventory:

Hand Weapons
 c - the cursed +2 short sword of the Chained Oracle (weapon) {drain, Elem, Cun}
   (You took it off a kobold on level 2 of the Dungeon)

   A truly terrible weapon, it drains the life of any living foe it strikes.
   It has a curse which improves the following skills: Elements: Fire Magic, Ice
   Magic, Air Magic and Earth Magic.
   Cunning:   Dodging and Stealth.
 e - a +0 war axe of venom
 f - a +0 hand axe
 l - a +0 mace of chaos
Missiles
 h - 5 poisoned darts (quivered)
Armour
 a - a +1 robe (worn)
 o - a +0 leather armour
Magical Staves
 k - a staff of fire
Jewellery
 r - a +6 ring of strength (left hand)
 v - the cursed ring of the Lashed Sage (right hand) {Int+6, Comp, Melee}
   (You found it on level 5 of the Dungeon)

   [ring of intelligence]

   Int:       It affects your intelligence (+6).
   It has a curse which improves the following skills: Companions: Summonings
   and Necromancy.
   Melee Combat: Short Blades, Long Blades, Axes, Maces & Flails, Polearms,
   Staves and Unarmed Combat.
Wands
 i - a wand of flame (19)
Scrolls
 g - 2 scrolls of fog
 p - a scroll of teleportation
 s - 2 scrolls of brand weapon
 w - a scroll of amnesia
Potions
 b - 2 potions of magic
 d - a potion of attraction
 j - a potion of ambrosia
 m - a potion of haste
 n - a potion of brilliance
 q - a potion of curing
 t - 3 potions of mutation
 u - a potion of flight


   Skills:
 + Level 4.1(4.9) Dodging
 + Level 4.4(5.3) Stealth
 + Level 4.1 Spellcasting
 + Level 6.3(7.1) Necromancy


You had 3 spell levels left.
You knew the following spells:

 Your Spells              Type           Power      Damage    Failure   Level
a - Necrotise             Necr           100%       1d9       1%          1
b - Vampiric Draining     Necr           39%        2d8       1%          3
c - Animate Dead          Necr           39%        N/A       4%          4
d - Sting                 Tmut/Pois      20%        1d4       10%         1
e - Poisonous Vapours     Pois/Air       10%        N/A       14%         2

Your spell library contained the following spells:

 Spells                   Type           Power      Damage    Failure   Level
 Agony                    Necr           39%        N/A       14%         5
 Olgreb's Toxic Radiance  Pois           5%         N/A       67%         4


Dungeon Overview and Level Annotations

Branches:
Dungeon (5/15)              Sewer (1/1)
 Temple: D:4-7

Altars:
Ashenzari
Cheibriados
Hepliaklqana
Qazlal

Shops:
D:5 !

Annotations:
D:4 2 transporters, leafyfresh's ghost, weakling OpDe


Innate Abilities, Weirdness & Mutations

You have a pair of antennae on your head.
You sometimes gain a little power by taking damage.
You are partially covered in razor-sharp scales. (AC +1, Slay +1)


Message History

The ball python constricts your adder zombie.
You swap places.
Your reaping aura is weakening.
Something hits your rat zombie. The ball python bites your rat zombie.
The ball python grabs your rat zombie.
The ball python constricts your rat zombie.
The adder bites your rat zombie.
Your rat zombie is destroyed!
The bullfrog barely misses your ball python zombie.
The ball python bites your adder zombie.
Your adder zombie is destroyed!
The ball python barely misses your ball python zombie.
The ball python grabs your ball python zombie.
The ball python constricts your ball python zombie.
The bullfrog closely misses you.
The bullfrog hits your ball python zombie.
Your ball python zombie barely misses the ball python.
Your ball python zombie grabs the ball python.
Your ball python zombie constricts the ball python.
Why would you want to do that? The bullfrog attacks as you move away!
The bullfrog closely misses you.
The bullfrog hits your ball python zombie!
Your ball python zombie is destroyed!
The bullfrog barely misses you. The ball python closely misses you.
The ball python grabs you. The ball python constricts you.
The adder closely misses you.
You hit the adder. You drain the adder.
The adder is severely wounded.
The bullfrog hits you. x2; The ball python closely misses you. x2
The ball python constricts you. The bullfrog hits you.
* * * LOW HITPOINT WARNING * * *
The bullfrog hits you.
* * * LOW HITPOINT WARNING * * *
The ball python bites you but does no damage. x2
As you read the scroll of teleportation, it crumbles to dust.
You feel strangely unstable. The adder barely misses you.
The bullfrog hits you.
* * * LOW HITPOINT WARNING * * *
The ball python bites you.
You die...

######################
....≈≈≈≈≈SF≈≈≈≈≈≈≈≈..###
....≈≈≈≈≈F@S~≈≈≈≈≈≈....##
....~≈≈~~#SS≈~~~≈≈≈.....#
....≈~~~≈≈≈≈≈≈≈~~~~~....#
....≈≈≈≈≈≈≈≈≈≈≈≈≈≈≈~....##
....≈≈≈≈≈≈≈≈≈≈≈≈≈≈≈......#
+####################....#
####...## #!?#....#
#.?'....#


You could see 2 bullfrogs, an adder (very drained) and 3 ball pythons.

Vanquished Creatures
  2 phantoms
  A scorpion (D:4)
  A howler monkey (D:4)
  4 hounds
  An iguana (D:4)
  2 orc wizards
  4 river rats
  9 adders
  A worm (D:2)
  2 dart slugs
  15 orcs
  7 ball pythons
  5 bats
  5 endoplasms
  4 giant cockroaches
  4 goblins
  6 hobgoblins
  4 jackals (D:3)
  5 kobolds
  3 quokkas
  A frilled lizard (D:3)
  17 rats
103 creatures vanquished.

Vanquished Creatures (collateral kills)
  3 river rats
  4 ball pythons (Sewer)
  A bat (D:1)
  2 giant cockroaches
  A frilled lizard (Sewer)
  17 rats
28 creatures vanquished.

Vanquished Creatures (others)
  An orc wizard (D:3)
  2 adder zombies
  3 ball python zombies (Sewer)
  A giant cockroach zombie (D:5)
  2 orc zombies (D:5)
  11 rat zombies
  A river rat zombie (Sewer)
  4 plants (D:4)
25 creatures vanquished.

Grand Total: 156 creatures vanquished

Notes
Turn   | Place    | Note
-------+----------+-------------------------------------------
     0 | D:1      | booth the Demonspawn Necromancer began the quest for the
                  | Orb.
     0 | D:1      | Reached XP level 1. HP: 13/13 MP: 3/3
   212 | D:1      | Gained mutation: You are partially covered in razor-sharp
                  | scales. (AC +1, Slay +1) [demonic ancestry]
   212 | D:1      | Reached XP level 2. HP: 18/19 MP: 0/5
   791 | D:2      | Gained mutation: You have a pair of small antennae on your
                  | head. [demonic ancestry]
   791 | D:2      | Reached XP level 3. HP: 24/24 MP: 2/6
  1350 | D:2      | Found a faded altar of an unknown god.
  1582 | D:3      | Gained mutation: You have a pair of antennae on your head.
                  | [demonic ancestry]
  1582 | D:3      | Reached XP level 4. HP: 30/30 MP: 5/7
  1606 | D:3      | Reached skill level 5 in Necromancy
  2081 | D:3      | Gained mutation: You sometimes gain a little power by
                  | taking damage. [demonic ancestry]
  2081 | D:3      | Reached XP level 5. HP: 35/35 MP: 5/9
  2096 | D:3      | Learned a level 3 spell: Vampiric Draining
  2101 | D:3      | Learned a level 4 spell: Animate Dead
  2161 | D:3      | Found a broken altar of Ashenzari.
  2226 | D:3      | Became a worshipper of Ashenzari the Shackled
  2852 | D:4      | Found a transporter.
  2905 | D:4      | Learned a level 1 spell: Sting
  3183 | D:4      | Found a stormy altar of Qazlal.
  3184 | D:4      | Noticed a water elemental
  3186 | D:4      | Noticed a fire elemental
  3186 | D:4      | Noticed an air elemental
  3322 | D:4      | Reached XP level 6. HP: 41/41 MP: 2/11
  3397 | D:4      | Learned a level 2 spell: Poisonous Vapours
  3691 | D:4      | Found a snail-covered altar of Cheibriados.
  3995 | D:4      | Found a transporter.
  3999 | D:4      | Noticed leafyfresh's ghost (weakling OpDe)
  4267 | D:5      | Entered Level 5 of the Dungeon
  4287 | D:5      | Found a hazy altar of Hepliaklqana.
  4325 | D:5      | Reached skill level 6 in Necromancy
  4325 | D:5      | Reached XP level 7. HP: 44/46 MP: 6/12
  4400 | D:5      | Found Waithied's Distillery.
  4411 | D:5      | Bought a potion of heal wounds for 75 gold pieces
  4517 | D:5      | Reached * piety under Ashenzari
  4610 | D:5      | Found a glowing drain.
  4655 | Sewer    | Entered a sewer
  4925 | Sewer    | HP: 2/46 [bullfrog (6)]
  4925 | Sewer    | Slain by a ball python

Illustrated notes

Levels and vault maps discovered:
D:1:      saegor_arrival_simple_a, layout_rooms, eino_curves_03
D:2:      layout_basic, dilly_ecumenical_altar_fadedgnrine, minmay_between
D:3:      layout_rooms, cheibrodos_ashenzari_chains, serial_corexii_hall,
          corexii_hall_statues_deadend, corexii_hall_statues_l
D:4:      layout_basic, mainiacjoe_overflow_24_doors,
          nicolae_qazlal_style_of_elements, nicolae_elyvilon_temple_path,
          gammafunk_ghost_stat_death, kennysheep_generic_room_14
D:5:      layout_loops_ring, trog_three_pillars_becter, general_overflow_altar,
          serial_shops, shop, nicolae_take_the_stairs,
          nicolae_shop_behind_doors, shop, portal_sewer_entry_b, uniq_pikel
Sewer:    sewer_minmay_w

Skill      XL: |  1  2  3  4  5  6  7 |
---------------+----------------------+-----
Stealth        | 2 3 4 |  4.4
Dodging        | 2 3 4 |  4.1
Necromancy     | 5 6 |  6.3
Spellcasting   | 3 4 |  4.1

Action                   |  1- 3 |  4- 6 |  7- 9 || total
-------------------------+-------+-------+-------++-------
Melee: Unarmed           |    13 |       |       ||    13
       Hand axe          |    23 |       |       ||    23
       Punch             |     1 |     2 |       ||     3
       Short sword       |    16 |   116 |    93 ||   225
Throw: Dart              |       |     4 |     1 ||     5
 Cast: Necrotise         |    36 |    57 |     4 ||    97
       Animate Dead      |       |     1 |     3 ||     4
Invok: Curse Item        |       |     1 |     1 ||     2
  Use: Scroll            |     8 |     3 |     1 ||    12
       Potion            |     1 |     2 |     1 ||     4
 Stab: Sleeping          |     3 |     1 |       ||     4
       Distracted        |       |     1 |       ||     1
Armor: Robe              |    14 |    30 |    40 ||    84
Dodge: Dodged            |    37 |    70 |   113 ||   220
